BLB
MONTREAL EXPORTS @ CALIFORNIA KODIAKS
08/08/2059
 
TOP OF THE 1ST
Montreal Exports batting - Pitching for California Kodiaks : RHP Theodore Blume
Pitching: RHP Theodore Blume
Batting: RHB Landon Zitter 0-0: Reached on error, E1 (Groundball, 13, EV 66.9 MPH)
Batting: LHB Josh Plautz 0-0: Swinging Strike
0-1: Called Strike
0-2: Strikes out swinging
Batting: RHB Henry Miller 0-0: Ball
1-0: Ball
2-0: Foul Ball, location: 2F
2-1: Ball
3-1: Foul Ball, location: 2F
3-2: Ground out 5-3 (Groundball, 56, EV 82.5 MPH)
Landon Zitter to second
Batting: RHB Zechariah Norkus 0-0: Ball
1-0: Ball
2-0: Ball
3-0: Base on Balls
Batting: RHB Kyle Levin 0-0: Ground out 6-3 (Groundball, 56, EV 100.0 MPH)
Top of the 1st over - 0 runs, 0 hits, 1 error, 2 left on base; Montreal 0 - California 0
BOTTOM OF THE 1ST
California Kodiaks batting - Pitching for Montreal Exports : RHP Jake Stewart
Pitching: RHP Jake Stewart
Batting: RHB Hayden Cornett 0-0: Called Strike
0-1: Ball
1-1: Swinging Strike
1-2: Ball
2-2: Strikes out looking
Batting: LHB Stephen Caskey 0-0: Fly out, F8 (Flyball, 8LD, EV 91.2 MPH)
Batting: RHB Stan Sikes 0-0: Called Strike
0-1: Fly out, F7 (Flyball, 7D, EV 101.2 MPH)
Bottom of the 1st over - 0 runs, 0 hits, 0 errors, 0 left on base; Montreal 0 - California 0
TOP OF THE 2ND
Montreal Exports batting - Pitching for California Kodiaks : RHP Theodore Blume
Batting: LHB Justin Wyatt 0-0: Foul Ball, location: 2F
0-1: Swinging Strike
0-2: Strikes out swinging
Batting: RHB Max Johnson 0-0: Swinging Strike
0-1: Swinging Strike
0-2: Foul Ball, location: 2F
0-2: Ball
1-2: Foul Ball, location: 2F
1-2: Strikes out swinging
Batting: RHB Jared Lewis 0-0: Called Strike
0-1: Ground out 5-3 (Groundball, 56S, EV 80.0 MPH)
Top of the 2nd over - 0 runs, 0 hits, 0 errors, 0 left on base; Montreal 0 - California 0
BOTTOM OF THE 2ND
California Kodiaks batting - Pitching for Montreal Exports : RHP Jake Stewart
Batting: RHB Spencer Stephens 0-0: Ball
1-0: Swinging Strike
1-1: Ball
2-1: DOUBLE (Line Drive, 8LXD, EV 105.6 MPH)
Batting: RHB Kelvin Young 0-0: Swinging Strike
0-1: Foul Ball, location: 2F
0-2: Ball
1-2: Ball
2-2: Strikes out looking
Batting: RHB Frank Memmi 0-0: Ball
1-0: Called Strike
1-1: Ball
2-1: Ball
3-1: Base on Balls
Batting: LHB Joey Robertson 0-0: Called Strike
0-1: Foul Ball, location: 2F
0-2: Ball
1-2: Foul Ball, location: 2F
1-2: Foul Ball, location: 2F
1-2: Ball
2-2: Foul Ball, location: 2F
2-2: Ball
3-2: Foul Ball, location: 2F
3-2: Strikes out swinging
Batting: RHB Al Wagner 0-0: Fly out, F9 (Line Drive, 9S, EV 91.9 MPH)
Bottom of the 2nd over - 0 runs, 1 hit, 0 errors, 2 left on base; Montreal 0 - California 0
TOP OF THE 3RD
Montreal Exports batting - Pitching for California Kodiaks : RHP Theodore Blume
Batting: RHB Asher Miles 0-0: Ball
1-0: Ball
2-0: Ground out 6-3 (Groundball, 6D, EV 103.8 MPH)
Batting: RHB Landon Zitter 0-0: Ball
1-0: SINGLE (Groundball, 34D, EV 96.9 MPH)
Batting: LHB Josh Plautz 0-0: Ball
1-0: Called Strike
1-1: Grounds into double play, 3-6-3 (Groundball, 3, EV 103.8 MPH)
Top of the 3rd over - 0 runs, 1 hit, 0 errors, 0 left on base; Montreal 0 - California 0
BOTTOM OF THE 3RD
California Kodiaks batting - Pitching for Montreal Exports : RHP Jake Stewart
Batting: RHB Caron Wilson 0-0: Called Strike
0-1: Foul Ball, location: 2F
0-2: Foul Ball, location: 2F
0-2: Ball
1-2: Strikes out swinging
Batting: RHB Hayden Cornett 0-0: Swinging Strike
0-1: Foul Ball, location: 2F
0-2: Ball
1-2: Strikes out swinging
Batting: LHB Stephen Caskey 0-0: Called Strike
0-1: Called Strike
0-2: Ball
1-2: Ball
2-2: Foul Ball, location: 2F
2-2: Strikes out looking
Bottom of the 3rd over - 0 runs, 0 hits, 0 errors, 0 left on base; Montreal 0 - California 0
TOP OF THE 4TH
Montreal Exports batting - Pitching for California Kodiaks : RHP Theodore Blume
Batting: RHB Henry Miller 0-0: Foul Ball, location: 2F
0-1: Swinging Strike
0-2: Ball
1-2: Ball
2-2: Ball
3-2: SINGLE (Groundball, 56, EV 105.0 MPH) (infield hit)
Batting: RHB Zechariah Norkus 0-0: Called Strike
0-1: Swinging Strike
0-2: Foul Ball, location: 2F
0-2: Ball
1-2: Foul Ball, location: 2F
1-2: Strikes out swinging
Batting: RHB Kyle Levin 0-0: Ball
1-0: Ball
2-0: Called Strike
2-1: Foul Ball, location: 2F
2-2: Strikes out swinging
Batting: LHB Justin Wyatt 0-0: Fielders Choice at 2nd, U4 (Groundball, 4M, EV 81.2 MPH)
Top of the 4th over - 0 runs, 1 hit, 0 errors, 1 left on base; Montreal 0 - California 0
BOTTOM OF THE 4TH
California Kodiaks batting - Pitching for Montreal Exports : RHP Jake Stewart
Batting: RHB Stan Sikes 0-0: Ball
1-0: Called Strike
1-1: Called Strike
1-2: Strikes out swinging
Batting: RHB Spencer Stephens 0-0: Swinging Strike
0-1: Called Strike
0-2: Strikes out swinging
Batting: RHB Kelvin Young 0-0: Called Strike
0-1: Swinging Strike
0-2: Strikes out swinging
Bottom of the 4th over - 0 runs, 0 hits, 0 errors, 0 left on base; Montreal 0 - California 0
TOP OF THE 5TH
Montreal Exports batting - Pitching for California Kodiaks : RHP Theodore Blume
Batting: RHB Max Johnson 0-0: Called Strike
0-1: Foul Ball, location: 2F
0-2: Ground out 4-3 (Groundball, 4MD, EV 106.2 MPH)
Batting: RHB Jared Lewis 0-0: Called Strike
0-1: Ball
1-1: Swinging Strike
1-2: Strikes out looking
Batting: RHB Asher Miles 0-0: Foul Ball, location: 2F
0-1: Ball
1-1: Foul Ball, location: 2F
1-2: Ball
2-2: Ball
3-2: Strikes out looking
Top of the 5th over - 0 runs, 0 hits, 0 errors, 0 left on base; Montreal 0 - California 0
BOTTOM OF THE 5TH
California Kodiaks batting - Pitching for Montreal Exports : RHP Jake Stewart
Batting: RHB Frank Memmi 0-0: Ball
1-0: Ball
2-0: SINGLE (Groundball, 6MD, EV 101.9 MPH)
Batting: LHB Joey Robertson 0-0: Sac Bunt to 13S - play at second, runner OUT! 1-6
Batting: RHB Al Wagner 0-0: Foul Ball, location: 2F
0-1: Ball
1-1: Ball
2-1: SINGLE (Line Drive, 56D, EV 95.6 MPH)
Joey Robertson to second
Batting: RHB Caron Wilson 0-0: Grounds into double play, 6-4-3 (Groundball, 6, EV 104.4 MPH)
Bottom of the 5th over - 0 runs, 2 hits, 0 errors, 1 left on base; Montreal 0 - California 0
TOP OF THE 6TH
Montreal Exports batting - Pitching for California Kodiaks : RHP Theodore Blume
Batting: RHB Landon Zitter 0-0: Called Strike
0-1: Ball
1-1: Hit by Pitch
Batting: LHB Josh Plautz 0-0: Ball
1-0: Ball
2-0: Swinging Strike
2-1: Ball
3-1: Foul Ball, location: 2F
3-2: Foul Ball, location: 2F
3-2: Strikes out looking
Batting: RHB Henry Miller 0-0: Called Strike
0-1: Foul Ball, location: 2F
0-2: Foul Ball, location: 2F
0-2: Ball
1-2: Foul Ball, location: 2F
1-2: Grounds into double play, 5-4-3 (Groundball, 56S, EV 81.9 MPH)
Top of the 6th over - 0 runs, 0 hits, 0 errors, 0 left on base; Montreal 0 - California 0
BOTTOM OF THE 6TH
California Kodiaks batting - Pitching for Montreal Exports : RHP Jake Stewart
Batting: RHB Hayden Cornett 0-0: Foul Ball, location: 2F
0-1: Ball
1-1: Foul Ball, location: 2F
1-2: Foul Ball, location: 2F
1-2: Foul Ball, location: 2F
1-2: Strikes out swinging
Batting: LHB Stephen Caskey 0-0: Foul Ball, location: 2F
0-1: Swinging Strike
0-2: Strikes out swinging
Batting: RHB Stan Sikes 0-0: Ball
1-0: Swinging Strike
1-1: Called Strike
1-2: Ball
2-2: Ground out 5-3 (Groundball, 5, EV 88.1 MPH)
Bottom of the 6th over - 0 runs, 0 hits, 0 errors, 0 left on base; Montreal 0 - California 0
TOP OF THE 7TH
Montreal Exports batting - Pitching for California Kodiaks : RHP Theodore Blume
Batting: RHB Zechariah Norkus 0-0: Ball
1-0: Ground out 5-3 (Groundball, 5L, EV 106.9 MPH)
Batting: RHB Kyle Levin 0-0: Ball
1-0: Foul Ball, location: 2F
1-1: SINGLE (Groundball, 6MD, EV 101.9 MPH)
Batting: LHB Justin Wyatt 0-0: Ball
1-0: Foul Ball, location: 2F
1-1: Ball
2-1: Foul Ball, location: 2F
2-2: Foul Ball, location: 2F
2-2: Foul Ball, location: 2F
2-2: Foul Ball, location: 2F
2-2: Strikes out swinging
Batting: RHB Max Johnson 0-0: Ball
1-0: Swinging Strike
1-1: Foul Ball, location: 2F
1-2: Ball
2-2: Ball
3-2: Fly out, F8 (Line Drive, 8LD, EV 94.4 MPH)
Top of the 7th over - 0 runs, 1 hit, 0 errors, 1 left on base; Montreal 0 - California 0
BOTTOM OF THE 7TH
California Kodiaks batting - Pitching for Montreal Exports : RHP Jake Stewart
Batting: RHB Spencer Stephens 0-0: Fly out, F7 (Flyball, 78M, EV 88.1 MPH)
Batting: RHB Kelvin Young 0-0: Ball
1-0: Ball
2-0: Fly out, F9 (Line Drive, 9S, EV 95.6 MPH)
Batting: RHB Frank Memmi 0-0: Ball
1-0: Ball
2-0: Ball
3-0: Called Strike
3-1: Foul Ball, location: 2F
3-2: Foul Ball, location: 2F
3-2: SINGLE (Groundball, 4MD, EV 94.4 MPH)
Batting: LHB Joey Robertson 0-0: Foul Ball, location: 2F
0-1: Swinging Strike
0-2: Fly out, F9 (Flyball, 9D, EV 83.8 MPH)
Bottom of the 7th over - 0 runs, 1 hit, 0 errors, 1 left on base; Montreal 0 - California 0
TOP OF THE 8TH
Montreal Exports batting - Pitching for California Kodiaks : RHP Theodore Blume
Batting: RHB Jared Lewis 0-0: Foul Ball, location: 2F
0-1: Fly out, F8 (Flyball, 8LM, EV 91.2 MPH)
Batting: RHB Asher Miles 0-0: Called Strike
0-1: Ball
1-1: Called Strike
1-2: Ball
2-2: Ball
3-2: Ground out 6-3 (Groundball, 6D, EV 104.4 MPH)
Batting: RHB Landon Zitter 0-0: Foul Ball, location: 2F
0-1: Called Strike
0-2: Fly out, F9 (Line Drive, 9, EV 97.5 MPH)
Top of the 8th over - 0 runs, 0 hits, 0 errors, 0 left on base; Montreal 0 - California 0
BOTTOM OF THE 8TH
California Kodiaks batting - Pitching for Montreal Exports : RHP Jake Stewart
Batting: RHB Al Wagner 0-0: SINGLE (Groundball, 56, EV 85.6 MPH) (infield hit)
Batting: RHB Caron Wilson 0-0: Bunted foul
0-1: Ball
1-1: Sac Bunt to 13 - play at first, batter OUT! 1-4
Al Wagner to second
Batting: RHB Hayden Cornett 0-0: Ball
1-0: Ball
2-0: Called Strike
2-1: Swinging Strike
2-2: Strikes out swinging
Batting: LHB Stephen Caskey 0-0: Ball
1-0: Ball
2-0: Foul Ball, location: 2F
2-1: SINGLE (Flyball, 8LS, EV 91.2 MPH)
Al Wagner to third
Runner from 3rd tries for Home, SAFE, throw by CF to home
Batting: RHB Stan Sikes 0-0: Called Strike
Stephen Caskey steals 2nd base
0-1: Fly out, F8 (Flyball, 8RM, EV 88.8 MPH)
Bottom of the 8th over - 1 run, 2 hits, 0 errors, 1 left on base; Montreal 0 - California 1
TOP OF THE 9TH
Montreal Exports batting - Pitching for California Kodiaks : RHP Theodore Blume
Pitching: RHP Peyton Gerber
Now at C: Sean Catron
Now at 1B: Damon Squyres
Now in CF: Zack Simmons
Batting: LHB Josh Plautz 0-0: Called Strike
0-1: Swinging Strike
0-2: Ball
1-2: Ball
2-2: Foul Ball, location: 2F
2-2: Fly out, F7 (Line Drive, 7S, EV 99.4 MPH)
Batting: RHB Henry Miller 0-0: Ball
1-0: Swinging Strike
1-1: Ball
2-1: Ball
3-1: Base on Balls
Batting: RHB Zechariah Norkus 0-0: Ball
1-0: Called Strike
1-1: Ball
2-1: Foul Ball, location: 2F
2-2: Strikes out swinging
Batting: RHB Kyle Levin 0-0: Ball
1-0: Foul Ball, location: 2F
1-1: Ball
2-1: Ground out 4-3 (Groundball, 34, EV 83.8 MPH)
Top of the 9th over - 0 runs, 0 hits, 0 errors, 1 left on base; Montreal 0 - California 1
Thursday, March 21st , 2024 - OOTP Baseball 23.10 Build 110